Map: King's Cove LE

Players

PeLLy

  • Race: Zerg Zerg
  • League: Diamond
  • Spawn Location: 5:00

NoeliD - Winner!

  • Race: Terran Terran
  • League: Platinum
  • Spawn Location: 11:00

VOD

Have the link to the VOD?

Description

Time

  • Played on: Aug. 18, 2019, 11:32 a.m.
  • Length: 22:10
Show
View Real Time Build Order
Export as new Build Order

PeLLy Zerg 

Build Orders: Hatch First, Swarm Host 

Get SALT Encoding   

  12  0:00  Drone  
  13  0:13  Overlord  
  13  0:24  Drone  
  14  0:33  Drone x2  
  16  0:39  Drone  
  17  0:56  Hatchery  
  16  0:58  Drone  
  16  1:01  Drone  
  18  1:16  Spawning Pool  
  18  1:18  Extractor  
  16  1:20  Drone  
  16  1:23  Drone  
  18  1:31  Drone  
  19  1:40  Overlord  
  19  1:53  Drone  
  20  2:02  Drone  
  20  2:03  Queen  
  20  2:07  Queen  
  25  2:09  Zergling x2  
  25  2:12  Zergling x2  
  27  2:19  Metabolic Boost  
  27  2:23  Drone x2  
  29  2:46  Drone x4  
  33  2:51  Drone  
  35  2:58  Drone  
  35  3:05  Hatchery  
  34  3:14  Drone x2  
  34  3:16  Overlord x2  
  36  3:33  Queen  
  38  3:34  Extractor  
  38  3:35  Extractor  
  35  3:42  Drone  
  35  3:43  Drone x5  
  35  3:47  Lair  
  41  3:55  Evolution Chamber  
  39  4:07  Drone x5  
  44  4:19  Extractor  
  43  4:30  Roach Warren, Zergling x8  
  46  4:36  Spine Crawler  
  45  4:48  Evolution Chamber  
  43  5:10  Roach x7  
  57  5:15  Overlord  
  57  5:16  Overlord  
  57  5:17  Drone  
  57  5:18  Overlord x3  
  57  5:19  Overlord x2  
  58  5:22  Zerg Missile Weapons Level 1  
  58  5:23  Glial Reconstitution  
  58  5:26  Zerg Ground Armor Level 1  
  58  5:36  Drone x6  
  64  5:43  Hydralisk Den  
  64  5:48  Infestation Pit  
  62  5:52  Drone  
  62  5:53  Drone  
  62  5:55  Drone  
  64  6:03  Extractor  
  64  6:04  Extractor  
  61  6:17  Drone x8  
  69  6:23  Drone x3  
  72  6:29  Drone x4  
  76  6:55  Roach x9  
  93  7:04  Drone  
  93  7:05  Drone x4  
  98  7:14  Nydus Network  
  97  7:17  Tunneling Claws  
  97  7:22  Zerg Missile Weapons Level 2  
  97  7:24  Swarm Host x5  
  97  7:28  Overlord x2  
  110  7:52  Spore Crawler  
  106  8:00  Spore Crawler  
  106  8:03  Spore Crawler  
  99  8:25  Drone  
  99  8:26  Drone x15  
  115  8:45  Drone x4  
  119  8:51  Hatchery  
  118  8:57  Hydralisk x3  
  118  8:58  Spore Crawler  
  118  9:02  Hydralisk x3  
  124  9:26  Swarm Host x2  
  130  9:32  Overlord x4  
  120  9:52  Ravager  
  121  9:53  Ravager  
  121  9:54  Ravager  
  121  9:57  Ravager x2  
  121  9:58  Ravager  
  126  10:04  Grooved Spines  
  126  10:05  Baneling Nest  
  125  10:13  Zergling x16  
  125  10:14  Zergling x4  
  135  10:18  Zerg Melee Weapons Level 1  
  127  10:39  Nydus Canal  
  127  10:43  Zergling x2  
  127  10:44  Zergling x16  
  126  10:58  Spore Crawler  
  125  11:15  Muscular Augments  
  125  11:19  Swarm Host x6  
  125  11:24  Nydus Canal  
  143  11:28  Queen  
  143  11:29  Queen x3  
  151  11:33  Drone x9  
  151  11:34  Overlord  
  151  11:38  Baneling  
  151  11:39  Baneling x17  
  160  11:57  Zergling x2  
  160  11:58  Zergling x14  
  168  12:01  Baneling x4  
  168  12:02  Baneling x14  
  168  12:13  Nydus Canal  
  168  12:29  Overlord x2  
  168  12:30  Overlord x3  
  121  13:17  Hydralisk x7  
  118  13:45  Nydus Canal  
  101  13:57  Drone x7  
  108  14:19  Drone x6  
  114  14:26  Hydralisk  
  116  14:31  Zergling x2  
  116  14:32  Zergling x2  
  118  14:39  Drone  
  119  14:52  Hive  
  119  14:56  Spore Crawler  
  119  14:57  Spore Crawler  
  119  14:59  Spore Crawler  
  116  15:00  Spine Crawler  
  116  15:03  Spine Crawler  
  114  15:10  Baneling x2  
  114  15:11  Baneling x3  
  114  15:15  Hydralisk  
  114  15:16  Hydralisk x16  
  114  15:20  Zerg Melee Weapons Level 2  
  148  15:23  Hatchery  
  106  16:14  Hydralisk x9  
  104  16:22  Hydralisk x4  
  112  16:30  Extractor  
  112  16:31  Extractor  
  112  16:32  Hydralisk  
  110  16:33  Hydralisk  
  114  16:52  Hydralisk  
  114  16:53  Zergling x14  
  123  16:58  Hatchery  
  122  17:14  Baneling x7  
  114  17:32  Roach x5  
  121  17:42  Zergling x2  
  121  17:43  Zergling x4  
  120  17:57  Zergling x8  
  104  18:33  Zergling x18  
  113  18:43  Drone x3  
  116  18:54  Baneling  
  116  18:55  Baneling x7  
  116  19:09  Extractor  
  115  19:10  Extractor  
  112  19:27  Baneling x6  
  113  19:38  Drone x5  
  113  19:39  Drone  
  118  19:46  Hydralisk x3  
  112  20:04  Hydralisk x2  
  98  20:13  Hydralisk  
  92  20:14  Hydralisk  
  94  20:23  Hydralisk x3  
  94  20:26  Zergling x4  
  100  20:46  Baneling x2  
  86  21:04  Zergling x18  
  83  21:18  Zergling x6  
  80  21:33  Baneling x3  
  80  21:34  Baneling x9  
Show
View Real Time Build Order
Export as new Build Order

NoeliD Terran - Winner!

Build Orders:  

Get SALT Encoding   

  12  0:01  SCV  
  13  0:13  SCV  
  14  0:18  Supply Depot  
  14  0:26  SCV  
  15  0:40  SCV  
  15  0:41  Barracks  
  16  0:48  Refinery  
  16  0:52  SCV  
  17  1:04  SCV  
  18  1:16  SCV  
  19  1:28  Marine  
  19  1:31  Orbital Command  
  20  1:47  Command Center  
  20  1:57  Factory  
  20  1:58  SCV  
  21  2:11  SCV  
  22  2:18  Refinery  
  22  2:19  Barracks Reactor  
  22  2:23  SCV  
  23  2:30  Supply Depot  
  23  2:35  SCV  
  23  2:55  SCV  
  23  2:58  Supply Depot  
  24  3:01  Orbital Command  
  24  3:07  SCV  
  24  3:12  Barracks x2  
  24  3:15  Hellion x2  
  28  3:36  Hellion  
  28  3:37  Hellion  
  28  3:38  Supply Depot  
  32  3:51  Orbital Command  
  32  4:06  Barracks Reactor, Barracks Tech Lab  
  32  4:08  Barracks Tech Lab  
  36  4:10  Hellion x2  
  36  4:11  SCV  
  37  4:17  SCV  
  37  4:23  Starport, SCV  
  37  4:24  Supply Depot  
  39  4:27  Stimpack  
  39  4:29  SCV  
  40  4:38  Marauder x2, SCV  
  45  4:41  SCV  
  42  5:03  Marauder x2, Marine x2  
  46  5:13  SCV  
  46  5:14  SCV  
  48  5:20  Command Center  
  48  5:25  SCV  
  49  5:29  SCV  
  49  5:30  Starport Reactor  
  52  5:38  SCV  
  52  5:42  SCV  
  52  5:48  Marine x2  
  54  5:50  SCV  
  54  5:54  SCV  
  56  6:01  Liberator x2  
  56  6:02  SCV  
  51  6:11  Marine  
  51  6:12  Marauder, Marine x3  
  51  6:13  Siege Tank  
  63  6:21  SCV x2  
  63  6:23  Refinery  
  63  6:24  Refinery  
  68  6:34  Marine x2  
  68  6:35  Marauder, Marine x2  
  68  6:36  Supply Depot  
  68  6:38  Supply Depot  
  68  6:39  Barracks  
  74  6:41  Barracks  
  73  7:15  Orbital Command  
  73  7:17  Marauder, Marine x4  
  73  7:18  SCV x2  
  81  7:25  Medivac x2  
  81  7:27  Siege Tank  
  81  7:29  Barracks Reactor, Barracks Tech Lab  
  88  7:30  SCV x2, Concussive Shells  
  88  7:34  Marine  
  88  7:35  Marine x3  
  94  7:37  Supply Depot  
  94  7:38  Marauder  
  96  7:47  Liberator x2  
  96  7:51  Armory  
  96  7:52  Engineering Bay  
  96  7:53  Engineering Bay  
  96  8:00  Marauder  
  104  8:05  Marine  
  104  8:06  Marauder, Marine x2  
  109  8:20  Marine  
  109  8:21  Terran Infantry Armor Level 1, Terran Infantry Weapons Level 1, SCV x2  
  109  8:26  Marauder, SCV  
  109  8:51  Supply Depot  
  109  8:53  Command Center  
  109  9:01  Supply Depot  
  109  9:02  Supply Depot  
  109  9:12  SCV, Marine  
  109  9:13  Marauder, SCV, Medivac x2  
  109  9:14  SCV, Marine x3  
  109  9:15  Marine  
  117  9:17  Marine  
  117  9:18  Marauder  
  111  9:24  SCV  
  111  9:25  SCV  
  111  9:26  SCV  
  111  9:30  Marine  
  114  9:31  Marine x2  
  114  9:32  Marine  
  114  9:33  Marine  
  114  9:34  Marauder  
  114  9:35  Marine  
  121  9:39  Marauder  
  121  9:40  Combat Shield  
  120  9:48  Marine  
  120  9:49  Marine x2  
  120  9:50  Marine  
  120  9:51  Marine  
  122  9:56  Marauder  
  122  9:59  SCV x3, Liberator  
  127  10:01  Marauder  
  127  10:02  Refinery  
  127  10:04  Refinery  
  129  10:11  SCV x3  
  132  10:16  Medivac  
  132  10:17  Marauder  
  130  10:22  Marauder  
  130  10:25  Marine x5  
  130  10:26  Marine  
  131  10:33  SCV x2  
  131  10:34  SCV  
  134  10:39  Marauder  
  134  10:42  Barracks  
  133  10:43  Marauder, Marine x5  
  133  10:45  Barracks, SCV x2  
  133  10:46  SCV  
  133  10:48  Marine  
  129  11:00  Marauder, Marine x2  
  129  11:03  Liberator x2  
  131  11:05  Marauder  
  133  11:21  Marauder  
  133  11:25  Marine x3  
  141  11:26  Marauder, Marine x2  
  141  11:29  Starport  
  148  11:45  Supply Depot  
  148  11:49  Barracks Reactor, Barracks Tech Lab  
  148  11:54  Marine  
  148  12:06  Marine x3  
  148  12:07  Marauder, SCV, Marine x2  
  156  12:20  Marauder, SCV  
  156  12:22  Orbital Command  
  156  12:27  Supply Depot  
  156  12:46  Orbital Command  
  156  12:47  Marine  
  156  12:48  Marauder  
  156  12:49  Marauder, Marine x6  
  144  13:12  Marauder, Marine x6  
  139  13:13  Marauder x2, Thor  
  131  13:23  Marine x2  
  133  13:30  Marine x4  
  139  13:34  Marauder  
  139  13:36  Marauder  
  139  13:37  Refinery  
  139  13:42  Marauder  
  130  13:52  Terran Infantry Weapons Level 2, Terran Infantry Armor Level 2  
  130  13:55  Marauder  
  125  13:56  Thor  
  125  13:57  Marauder  
  125  14:04  Marauder  
  126  14:17  Marauder  
  116  14:25  Marauder  
  116  14:26  Marauder, Marine x5  
  122  14:32  Marine x3  
  122  14:38  Marauder  
  127  14:39  Thor  
  127  14:44  Marine x4  
  137  14:46  Marauder  
  139  14:56  SCV  
  140  15:08  Supply Depot  
  140  15:11  Starport Reactor, Supply Depot  
  140  15:16  Liberator x2  
  140  15:22  Planetary Fortress  
  140  15:29  Marine x2  
  140  15:30  Marauder x2, SCV x2  
  140  15:33  SCV  
  155  15:42  SCV x2  
  155  15:45  SCV  
  156  15:53  Marine x2  
  156  15:55  SCV, Marine  
  156  15:56  Marauder x2, Marine  
  156  15:57  Marauder, SCV x2  
  156  16:00  Supply Depot  
  156  16:02  Supply Depot  
  139  16:07  SCV  
  139  16:09  SCV, Marine x2  
  139  16:10  Marine x2  
  125  16:11  Marine x2  
  125  16:12  Marine  
  125  16:16  Medivac x4  
  125  16:17  Marauder  
  125  16:18  Marauder x2  
  135  16:35  Liberator  
  135  16:36  Marine x3  
  135  16:37  Marine x5  
  135  16:38  Marauder  
  135  16:39  Marauder, Marine  
  148  16:40  Command Center  
  148  16:46  Medivac  
  150  16:50  Missile Turret  
  150  16:52  Medivac x2  
  157  16:54  Marine x2  
  157  16:57  Refinery  
  157  16:58  Liberator  
  157  17:01  Marauder x3, Marine x6  
  166  17:05  Liberator  
  165  17:12  Marine x2  
  165  17:14  Refinery  
  167  17:19  Marine x5  
  167  17:20  Marine  
  167  17:22  Medivac, Marine x2  
  171  17:23  Marauder  
  145  17:30  Marine x2  
  145  17:35  Liberator, Medivac  
  145  17:36  Marine  
  145  17:37  Marine x4  
  135  17:38  Marine  
  135  17:40  Marauder x2  
  135  17:41  Liberator  
  135  17:44  Marauder  
  135  17:47  Marine  
  135  17:48  Marine  
  139  17:54  Liberator x2, Marine x3  
  139  17:55  Marine x3  
  148  18:01  Marauder  
  148  18:02  Marauder  
  148  18:05  Marine x2  
  150  18:06  Marauder  
  150  18:12  Marine x4  
  160  18:13  Marine  
  160  18:18  Liberator  
  158  18:23  Marauder x2, Marine x3  
  158  18:24  Liberator  
  165  18:27  Marauder  
  165  18:30  Marine x3  
  165  18:34  Terran Vehicle Weapons Level 1  
  171  18:44  Marauder x2  
  180  18:48  Marauder  
  180  18:49  Orbital Command  
  180  19:06  Marauder, Command Center  
  182  19:10  Fusion Core  
  182  19:11  Terran Infantry Weapons Level 3, Terran Infantry Armor Level 3  
  182  19:19  Marauder x2, Marine x4  
  187  19:58  Marine x2  
  187  19:59  Marine x2  
  187  20:00  Liberator x2, Marine x2  
  187  20:01  Marine x2  
  187  20:02  Marine  
  187  20:03  Marauder  
  187  20:05  Marauder  
  186  20:16  Marine  
  186  20:17  Marine x3  
  186  20:18  Widow Mine  
  186  20:19  Marauder  
  200  20:25  Refinery  
  200  20:26  Refinery  
  200  20:40  Liberator  
  200  20:49  Command Center  
  199  21:02  Liberator  
  198  21:23  Marauder  
Tags
 
Add a new tag
Caveats
  • Supply blocks, unpowered buildings, or Contaminate may cause inaccurate times.
  • Supply counts are checked every 10 seconds.